 Dungeon Crawl Stone Soup version 0.32-a0-705-g60f233581c (webtiles) character file.

Game seed: 5087871348454828611

725 mopl the Insei (level 7, -1/46 HPs)
             Began as an Octopode Shapeshifter on Mar 14, 2024.
             Was an Initiate of Nemelex Xobeh.
             Slain by a centaur (4 damage)
             ... on level 5 of the Dungeon.
             The game lasted 00:03:47 (3511 turns).

mopl the Insei (Octopode Shapeshifter)              Turns: 3511, Time: 00:03:49

Health: -1/46      AC:  1    Str: 19    XL:     7   Next: 71%
Magic:  8/8        EV: 13    Int: 13    God:    Nemelex Xobeh [......]
Gold:   311        SH:  0    Dex: 13    Spells: 6/6 levels left

rFire   . .          .
                       - Unarmed
rCold   . . .        (no shield)
rNeg    . . .        (helmet currently unavailable)
rPois   .            (no amulet)
rElec   .            m - +6 ring of strength
rCorr   .            (no ring)
SInv    .            (no ring)
Will    .....        (no ring)
Stlth   ++           (no ring)
HPRegen 0.27/turn    (no ring)
MPRegen 0.11/turn    (no ring)
                     (no ring)

%: no passive effects
@: beast-form
A: beast (slay +2), almost no armour, amphibious, 8 rings, camouflage 1,
gelatinous body 1, (nimble swimmer 1), tentacles
a: Begin Untransformation, Renounce Religion, Draw Escape, Draw Destruction,
Draw Summoning


You were on level 5 of the Dungeon.
You worshipped Nemelex Xobeh.
Nemelex Xobeh was noncommittal.
You were a hulking beast.
You visited 1 branch of the dungeon, and saw 5 of its levels.

You collected 311 gold pieces.

Inventory:

Missiles
 u - 3 poisoned darts (quivered)
Armour
 i - a +2 hat
Jewellery
 m - a +6 ring of strength (left tentacle)
Talismans
 b - a beast talisman (active)
 c - a flux talisman
Wands
 q - a wand of roots (1)
 t - a wand of charming (8)
Scrolls
 d - 2 scrolls of enchant armour {unknown}
 h - 2 scrolls of teleportation {unknown}
 j - a scroll of blinking {unknown}
 l - a scroll of brand weapon {unknown}
 n - 2 scrolls of immolation {unknown}
 o - a scroll of amnesia {unknown}
 r - a scroll of noise {unknown}
 x - a scroll of identify
Potions
 a - a potion of lignification {!q}
 e - a potion of curing
 f - a potion of berserk rage {!q}
 g - a potion of cancellation
 k - a potion of enlightenment
 p - a potion of haste
 s - 3 potions of heal wounds {unknown}
 v - a potion of invisibility {unknown}
 w - a potion of magic {unknown}


   Skills:
 + Level 3.2 Fighting
 + Level 3.7 Dodging
 * Level 5.5 Unarmed Combat
 + Level 1.5 Invocations
 * Level 5.1 Shapeshifting


You had 6 spell levels left.
You didn't know any spells.
Your spell library contained the following spells:

 Spells                   Type           Power      Damage    Failure   Level
 Sublimation of Blood     Necr           0%         N/A       43%         2
 Petrify                  Alch/Erth      0%         N/A       97%         4
 Irradiate                Conj/Alch      0%         3d11      100%        5


Dungeon Overview and Level Annotations

Branches:
Dungeon (5/15)             Temple (0/1) D:5

Altars:
Nemelex Xobeh
Ru
Vehumet


Innate Abilities, Weirdness & Mutations

You are a hulking beast.
Your limbs bulge with bestial killing power. (Slay +2)
You cannot wear most types of armour.
You are amphibious.
You can wear up to eight rings at the same time.
Your skin changes colour to match your surroundings (Stealth+).
Your rubbery body absorbs attacks. (AC +1, EV +1)
((You are camouflaged when in or above water. (Stealth+)))
You have tentacles for arms and can constrict up to eight enemies at once.


Message History

You are too injured to fight recklessly!
You are too injured to fight recklessly!
You are too injured to fight recklessly!
You are too injured to fight recklessly!
You are too injured to fight recklessly!
You are too injured to fight recklessly!
You are too injured to fight recklessly!
Unknown command.
You release your grip on the iguana.
The centaur shoots an arrow.
The arrow misses you.
The centaur shoots an arrow.
The arrow closely misses you. The iguana closely misses you.
You see here a +0 falchion.
Unknown command.
The centaur unwields a +0 shortbow.
The centaur misses you. The centaur kicks you.
Unknown command.
You barely miss the centaur.
You tentacle-slap the centaur, but do no damage.
The centaur hits you. The centaur barely misses you. The iguana bites you!
* * * LOW HITPOINT WARNING * * *
Unknown command.
You closely miss the iguana. You grab the iguana. You squeeze the iguana.
The iguana is almost dead.
You constrict the iguana.
You kill the iguana!
The centaur closely misses you. The centaur kicks you.
* * * LOW HITPOINT WARNING * * *
The centaur hits you.
* * * LOW HITPOINT WARNING * * *
The centaur closely misses you.
You tentacle-slap the centaur.
The centaur is lightly wounded.
The centaur closely misses you. x2
You tentacle-slap the centaur.
The centaur is moderately wounded.
The centaur barely misses you.
The centaur kicks you but does no damage.
The centaur hits you.
You die...
Your body disappears without a glow.

..>........# ###.......
.#########.# ##......
#.# ###.... ##.# ##.##
##.## #### ### ####..#
#..### ####.....#
##....### #......c.#
#.......### .......h.#
##........## .......).#
#...........
.........####.......)...
..........##.).......)..
...........#............
........................
......#.................
#########....[........##
##...........##


You could see a centaur.

Vanquished Creatures
  A black bear (D:3)
  2 scorpions
  A bombardier beetle (D:5)
  An orc priest (D:5)
  3 hounds
  3 sleepcaps (D:5)
  An orc wizard (D:5)
  Ijyb (D:3)
  3 iguanas
  7 adders
  2 ribbon worms
  2 dart slugs
  7 orcs
  6 ball pythons
  5 bats
  5 endoplasms
  5 giant cockroaches
  4 goblins
  9 hobgoblins
  2 jackals (D:1)
  2 kobolds (D:1)
  6 quokkas
  2 frilled lizards
  6 rats
86 creatures vanquished.

Notes
Turn   | Place    | Note
-------+----------+-------------------------------------------
     0 | D:1      | mopl the Octopode Shapeshifter began the quest for the Orb.
     0 | D:1      | Reached XP level 1. HP: 13/13 MP: 1/1
    13 | D:1      | Found a faded altar of an unknown god.
   213 | D:1      | Reached XP level 2. HP: 14/18 MP: 2/2
   685 | D:1      | Reached XP level 3. HP: 23/23 MP: 3/3
  1137 | D:2      | Reached XP level 4. HP: 6/29 MP: 4/4
  1141 | D:2      | HP: 1/29 [poisoned by an adder]
  1611 | D:3      | Noticed a black bear
  1625 | D:3      | Killed a black bear
  1626 | D:3      | Reached skill level 2 in Fighting
  1626 | D:3      | Reached skill level 4 in Unarmed Combat
  1626 | D:3      | Reached skill level 4 in Shapeshifting
  1626 | D:3      | Reached XP level 5. HP: 20/34 MP: 5/5
  1817 | D:3      | Noticed Ijyb
  1835 | D:3      | Killed Ijyb
  1881 | D:3      | Found a radiant altar of Vehumet.
  1951 | D:3      | Reached XP level 6. HP: 37/40 MP: 6/6
  2019 | D:3      | Reached skill level 3 in Dodging
  2335 | D:4      | Found a sparkling altar of Nemelex Xobeh.
  2498 | D:4      | Found a sacrificial altar of Ru.
  2578 | D:4      | Became a worshipper of Nemelex Xobeh the Trickster
  2851 | D:5      | Entered Level 5 of the Dungeon
  2899 | D:5      | Reached skill level 5 in Unarmed Combat
  2899 | D:5      | Reached XP level 7. HP: 45/45 MP: 7/7
  3024 | D:5      | Reached skill level 3 in Fighting
  3198 | D:5      | Reached skill level 1 in Invocations
  3213 | D:5      | Reached skill level 5 in Shapeshifting
  3423 | D:5      | Found a staircase to the Ecumenical Temple.
  3511 | D:5      | Slain by a centaur

Illustrated notes

Levels and vault maps discovered:
D:1:      amcnicky_arrival_single_pillar, layout_basic,
          ebering_ecumenical_altar_petrified
D:2:      layout_rooms
D:3:      layout_basic, vehumet_crystals, uniq_ijyb
D:4:      layout_rooms, mainiacjoe_overflow_concentric_impassable,
          kennysheep_little_box
D:5:      layout_cave_pods, minmay_temple_entry_stoned_glass, hellmonk_no_cap

Skill      XL: |  1  2  3  4  5  6  7 |
---------------+----------------------+-----
Fighting       | 2 3 |  3.2
Unarmed Combat | 4 5 |  5.5
Shapeshifting  | 4 5 |  5.1
Dodging        | 3 |  3.7
Invocations    | 1 |  1.5

Action                     |  1- 3 |  4- 6 |  7- 9 || total
---------------------------+-------+-------+-------++-------
  Melee: Unarmed           |    56 |    75 |    41 ||   172
         Constrict         |    16 |    18 |    14 ||    48
         Tentacles         |     6 |    15 |     9 ||    30
         Punch             |       |     1 |     3 ||     4
    Use: Potion            |       |     3 |       ||     3
         Scroll            |       |       |     4 ||     4
   Stab: Sleeping          |       |     9 |     1 ||    10
 Armour: Skin              |    25 |    34 |    31 ||    90
  Dodge: Dodged            |    42 |    32 |    30 ||   104

Table legend: (Time is in decaauts)
 A = Elapsed time spent in this place.
 B = Non-inter-level travel time spent in this place.
 C = Inter-level travel time spent in this place.
 D = Time resting spent in this place.
 E = Time spent auto-exploring this place.
 F = Levels seen in this place.
 G = Mean time per level.
                   A        B        C        D        E       F      G
               +--------+--------+--------+--------+--------+-----+--------+
         Total |   3495 |   3328 |    167 |    374 |   2359 |   5 |  699.0 |
       Dungeon |   3495 |   3328 |    167 |    374 |   2359 |   5 |  699.0 |
               +--------+--------+--------+--------+--------+-----+--------+

Top non-repeatable levels by time:
     D:3: 895 daAuts
     D:1: 793 daAuts
     D:5: 655 daAuts
     D:2: 610 daAuts
     D:4: 541 daAuts
